 Dungeon Crawl Stone Soup version 0.27.0-1-g7a089689b8 (webtiles) character file.

Game seed: 607828112114815942

53 mainiacjoe the Magician (level 4, -7/31 HPs)
             Began as a Djinni Fire Elementalist on Aug 8, 2021.
             Mangled by Sigmund (11 damage)
             ... on level 2 of the Dungeon.
             The game lasted 00:04:20 (2012 turns).

mainiacjoe the Magician (Djinni Fire Elementalist)  Turns: 2012, Time: 00:04:21

Health: -7/31      AC:  2    Str:  7    XL:     4   Next: 11%
Gold:   70         EV: 12    Int: 18    God:
                   SH:  0    Dex: 13

rFire    + + .     SeeInvis .   b - +0 spear
rCold    x . .     Faith    .   (no shield)
rNeg     . . .     Spirit   .   f - +0 robe
rPois    ∞         Reflect  .   (no helmet)
rElec    .         Harm     .   (no cloak)
rCorr    .         Rampage  .   (no gloves)
Will     .....                  (boots unavailable)
Stlth    ++........             (no amulet)
HPRegen  0.10/turn              (no ring)
MPRegen  0.00/turn              (no ring)

@: flying
A: sickness immunity, fire resistance 2, cold vulnerability 1, float, innate
caster, hp casting, extra vitality 1
a: no special abilities


You were on level 2 of the Dungeon.
You visited 1 branch of the dungeon, and saw 2 of its levels.

You collected 70 gold pieces.

Inventory:

Hand Weapons
 a - a +0 hunting sling
 b - a +0 spear (weapon)
Missiles
 c - 39 stones
 g - 19 arrows
Armour
 f - a +0 robe (worn)
Scrolls
 d - 2 scrolls of identify {unknown}
 e - a scroll of teleportation {unknown}
 k - a scroll of acquirement {unknown}
 l - a scroll of noise {unknown}
Potions
 h - a potion of degeneration {unknown}
 i - a potion of heal wounds
 j - a potion of curing {unknown}


   Skills:
 - Level 2.1 Dodging
 - Level 1.5 Stealth
 + Level 3.6 Spellcasting


You couldn't memorise any spells.
You knew the following spells:

 Your Spells              Type           Power      Damage    Failure   Level
a - Foxfire               Conj/Fire      64%        2x1d7     3%          1
b - Conjure Flame         Conj/Fire      16%        6-21      10%         3
c - Inner Flame           Hex/Fire       16%        N/A       10%         3
d - Sticky Flame          Conj/Fire      16%        2d4       32%         4
e - Fireball              Conj/Fire      8%         3d6       67%         5
f - Corona                Hex            17%        N/A       3%          1
Your spell library was empty.

Dungeon Overview and Level Annotations

Branches:
Dungeon (2/15)

Altars:

Annotations:
D:2 Sigmund


Innate Abilities, Weirdness & Mutations

You are immune to sickness and miasma.
You are immune to poison.
Your flesh is very heat resistant. (rF++)
You are vulnerable to cold. (rC-)
You float through the air rather than walking.
You learn spells naturally, not from books.
Your magical power is your life essence.
You have superior vitality. (+4 HP)


Message History

The magic dart hits you.
You hear some strange, mumbled words.
Something tries to affect you, but you resist.
You are confused.
You are more confused.
You're too confused to cast spells.
You're too confused to cast spells.
Unknown command.
b - a +0 spear (weapon)
Something hits you!
You miss something.
Sigmund appears from thin air!
Reactivating autopickup.
Sigmund gestures at you while chanting. The puff of flame misses you.
You're too confused to cast spells.
You're too confused to cast spells.
Unknown command.
You closely miss Sigmund.
Sigmund is moderately wounded.
Sigmund says, "You will soon forget everything."
Sigmund barely misses you. Sigmund closely misses you.
Unknown command.
You're too confused to cast spells.
Unknown command.
Sigmund barely misses you.
It was a potion of heal wounds.
You feel much better.
Sigmund mumbles some strange words.
Sigmund flickers and vanishes!
Deactivating autopickup; reactivate with Ctrl-A.
You miss something.
You feel less confused.
You hear some strange, mumbled words.
Something tries to affect you, but you resist.
You closely miss something. Something hits you!
You closely miss something. Something hits you.
You barely miss something. Something hits you!
* * * LOW HITPOINT WARNING * * *
You hit something but do no damage. Something hits you!
You die...

..........#####..†###.....##.#
.>......### #...###.###.##.#
.######.# ##.......# #....#
.## #.# #....)##.###.#### ..#
#.# #.###.##.....# ..# #.# #.#
#.####.### ..# #.# #.###.#
#.## .... ..# #.....####..###
..### ##.@..........# .##
##{#######.#.# ## #.# #.#.#
#.# #.#.# #.# #.#.# # #.#
#.#.# # #.# #.#.# # #.# #.#.#
# #######.#######.#.### #


There were no monsters in sight!

Vanquished Creatures
  An adder (D:2)
  A worm (D:2)
  A dart slug (D:2)
  3 bats
  4 endoplasms
  A giant cockroach (D:1)
  2 goblins (D:1)
  5 hobgoblins
  2 jackals (D:1)
  3 kobolds
  3 quokkas (D:1)
  3 ball pythons (D:1)
  2 frilled lizards
  7 rats
38 creatures vanquished.

Vanquished Creatures (others)
  81 foxfires
81 creatures vanquished.

Grand Total: 119 creatures vanquished

Notes
Turn   | Place    | Note
-------+----------+-------------------------------------------
     0 | D:1      | mainiacjoe the Djinni Fire Elementalist began the quest for
                  | the Orb.
     0 | D:1      | Reached XP level 1. HP: 15/15 MP: 0/0
   241 | D:1      | Reached XP level 2. HP: 19/21 MP: 0/0
   695 | D:1      | Reached skill level 3 in Spellcasting
   953 | D:1      | Reached XP level 3. HP: 24/25 MP: 0/0
   953 | D:1      | Learned a level 1 spell: Corona
  1815 | D:2      | Reached XP level 4. HP: 30/31 MP: 0/0
  1962 | D:2      | Noticed Sigmund
  2012 | D:2      | Mangled by Sigmund

Illustrated notes

Levels and vault maps discovered:
D:1:      dpeg_arrival_shelter, layout_basic, minivault_26
D:2:      layout_loops_ring, serial_shops, nicolae_shop_trees, uniq_sigmund

Skill      XL: |  1  2 |
---------------+-------+-----
Spellcasting   | 3 |  3.6
Dodging        | |  2.1
Stealth        | |  1.5

Action                   |  1- 3 |  4- 6 || total
-------------------------+-------+-------++-------
Melee: Spear             |       |     7 ||     7
 Fire: Hunting sling     |    41 |    19 ||    60
 Cast: Foxfire           |    48 |     2 ||    50
  Use: Potion            |       |     1 ||     1
Armor: Robe              |    11 |     2 ||    13
Dodge: Dodged            |    35 |    10 ||    45
